 Dungeon Crawl Stone Soup version 0.29.1-2-gbd0b4ee654 (webtiles) character file.

Game seed: 13968369025814262439

1684 zermelo the Cleaver (level 8, -2/64 HPs)
             Began as a Minotaur Berserker on Nov 13, 2022.
             Was an Elder of Trog.
             Succumbed to a gnoll's poison
             ... on level 6 of the Dungeon.
             The game lasted 00:28:41 (7704 turns).

zermelo the Cleaver (Minotaur Berserker)            Turns: 7704, Time: 00:28:42

Health: -2/64      AC: 11    Str: 24    XL:     8   Next: 71%
Magic:  7/7        EV:  7    Int:  4    God:    Trog [****..]
Gold:   234        SH:  0    Dex: 10    Spells: 7/7 levels left

rFire   . . .      SeeInvis .   a - +0 hand axe
rCold   . . .      Faith    .   (no shield)
rNeg    . . .      Spirit   .   y - +0 plate armour
rPois   .          Reflect  .   B - +0 hat
rElec   .          Harm     .   (no cloak)
rCorr   .          Rampage  .   (no gloves)
Will    ++...                   (no boots)
Stlth   ..........              (no amulet)
HPRegen 1.20/turn               (no ring)
MPRegen 0.10/turn               (no ring)

@: lethally poisoned (-2 -> -9), strong-willed, regenerating
A: horns 2, retaliatory headbutt
a: Renounce Religion, Berserk, Trog's Hand, Brothers in Arms


You were on level 6 of the Dungeon.
You worshipped Trog.
Trog was greatly pleased with you.
You visited 1 branch of the dungeon, and saw 7 of its levels.
You also visited: Sewer and Ossuary.

You collected 234 gold pieces.

Inventory:

Hand Weapons
 a - a +0 hand axe (weapon)
 A - a +0 war axe
Missiles
 r - 11 poisoned darts (quivered)
Armour
 l - a +2 robe of resistance
 s - a +0 ring mail
 y - a +0 plate armour (worn)
 B - a +0 hat (worn)
Jewellery
 u - a ring of flight
Wands
 C - a wand of roots (14)
Scrolls
 b - 5 scrolls of identify
 i - 3 scrolls of teleportation
 j - a scroll of noise {unknown}
 n - 4 scrolls of enchant armour {unknown}
 p - a scroll of magic mapping {unknown}
 q - 2 scrolls of immolation {unknown}
 t - a scroll of brand weapon {unknown}
 v - 2 scrolls of fear
 z - a scroll of fog
Potions
 c - 2 potions of might {unknown}
 d - 2 potions of mutation {unknown}
 e - a potion of brilliance
 f - a potion of haste {unknown}
 g - 3 potions of magic {unknown}
 h - 4 potions of curing {unknown}
 k - 5 potions of ambrosia {unknown}
 m - a potion of heal wounds {unknown}
 o - 3 potions of invisibility {unknown}
 w - a potion of berserk rage {unknown}
 x - a potion of lignification {unknown}
 D - a potion of flight {unknown}


   Skills:
 - Level 3.6 Fighting
 + Level 13.6 Axes
 - Level 2.4 Armour
 - Level 2.1 Dodging


You had 7 spell levels left.
You didn't know any spells.
Your spell library was empty.

Dungeon Overview and Level Annotations

Branches:
Dungeon (7/15)              Sewer (visited)         Ossuary (visited)
 Temple: D:4-7

Altars:
Elyvilon
Okawaru
Sif Muna
Wu Jian


Innate Abilities, Weirdness & Mutations

You have a pair of horns on your head.
You reflexively headbutt those who attack you in melee.


Message History

You hit the gnoll sergeant.
The gnoll sergeant is moderately wounded.
You slash the gnoll sergeant!
The gnoll sergeant is heavily wounded.
The gnoll sergeant hits you with a +0 spear!
* * * LOW HITPOINT WARNING * * *
The gnoll completely misses you.
You hit the gnoll sergeant.
The gnoll sergeant is severely wounded.
The gnoll sergeant hits you with a +0 spear.
* * * LOW HITPOINT WARNING * * *
The gnoll hits you but does no damage.
You hit the gnoll sergeant.
Your headbutt misses the gnoll sergeant.
The gnoll sergeant is almost dead.
You closely miss the gnoll sergeant.
Your headbutt misses the gnoll sergeant.
The gnoll sergeant is almost dead.
The gnoll sergeant hits you but does no damage.
The gnoll hits you but does no damage.
You slash the gnoll sergeant!
You kill the gnoll sergeant!
Trog accepts your kill.
Throw: 12 darts (poison)
Press: ? - help, Q - select action, (/) - cycle Shift-Dir - straight line, f - gnoll
Aim: a gnoll, wielding a +1 spear of venom (60% to hit)
You throw a poisoned dart. The poisoned dart hits the gnoll.
The gnoll is poisoned.
The gnoll hits you from afar with a +1 spear of venom.
* * * LOW HITPOINT WARNING * * *
You are poisoned.
Your skin crawls.
You feel strong-willed.
You feel very sick.
The gnoll hits you from afar with a +1 spear of venom!
* * * LOW HITPOINT WARNING * * *
You are lethally poisoned!
* * * LOW HITPOINT WARNING * * *
You feel very sick.
You die...

#... #... ##
#....#..#
#....#..# #####
#..g.(..## ##....
#().## ###..###
#g#..### #....###
#.##.=.####.##.##.
#.####.....[......
#@##....##...#..##
#....###...#...##
...###........###
.#.# #.#.######
..#)# #... .. #.#
### ### #.# ###


You could see a gnoll (poisoned).

Vanquished Creatures
  2 water moccasins
  A black bear (D:6)
  An ogre (D:6)
  A centaur (D:5)
  2 necrophages
  A scorpion (D:6)
  A gnoll sergeant (D:6)
  4 water moccasin zombies (Ossuary)
  2 hounds (D:4)
  4 jellies
  Crazy Yiuf (D:3)
  An orc priest (D:4)
  Jessica (D:2)
  2 iguanas (D:5)
  An orc wizard (D:4)
  2 mummies (Ossuary)
  7 gnolls
  10 adders
  3 river rats
  2 shadow imps
  2 white imps (D:6)
  9 adder zombies (Ossuary)
  3 worms
  4 dart slugs
  11 orcs
  8 bats
  9 endoplasms
  3 giant cockroaches
  8 goblins
  5 hobgoblins
  5 quokkas
  13 ball pythons
  4 frilled lizards
  4 gnoll zombies (Ossuary)
  2 hobgoblin zombies (Ossuary)
  5 kobolds
  7 kobold zombies (Ossuary)
  6 orc zombies (Ossuary)
  12 rats
169 creatures vanquished.

Vanquished Creatures (others)
  A plant (D:1)
1 creature vanquished.

Grand Total: 170 creatures vanquished

Notes
Turn   | Place    | Note
-------+----------+-------------------------------------------
     0 | D:1      | zermelo the Minotaur Berserker began the quest for the Orb.
     0 | D:1      | Reached XP level 1. HP: 19/19 MP: 0/0
     6 | D:1      | Noticed a polar bear
     6 | D:1      | Noticed a five-headed hydra
     6 | D:1      | Noticed an anaconda
     7 | D:1      | Noticed a komodo dragon
    84 | D:1      | You fall into a shaft and drop 1 floor!
   112 | D:2      | Reached skill level 4 in Axes
   168 | D:2      | Noticed Jessica
   179 | D:2      | Killed Jessica
   180 | D:2      | Reached skill level 5 in Axes
   180 | D:2      | Reached XP level 2. HP: 13/26 MP: 1/1
   180 | D:2      | Reached XP level 3. HP: 16/31 MP: 2/2
   817 | D:2      | Reached skill level 6 in Axes
   817 | D:2      | Reached XP level 4. HP: 31/39 MP: 3/3
  1381 | D:3      | Reached ** piety under Trog
  1861 | D:3      | Reached XP level 5. HP: 36/45 MP: 4/4
  2018 | D:3      | Reached skill level 7 in Axes
  2068 | D:3      | Found a runed translucent door.
  2069 | D:3      | Noticed Crazy Yiuf
  2284 | D:3      | Killed Crazy Yiuf
  2666 | D:1      | Found a faded altar of an unknown god.
  3035 | D:4      | Found an ornate altar of the Wu Jian Council.
  3040 | D:4      | Noticed a spectral centipede
  3040 | D:4      | Noticed a spectral black mamba
  3040 | D:4      | Noticed a spectral cane toad
  3059 | D:4      | Found a glowing drain.
  3071 | Sewer    | Entered a sewer
  3215 | Sewer    | Reached skill level 8 in Axes
  3334 | Sewer    | Reached *** piety under Trog
  3335 | Sewer    | Reached XP level 6. HP: 41/51 MP: 5/5
  3888 | D:4      | You fall into a shaft and drop 3 floors!
  3908 | D:5      | Entered Level 5 of the Dungeon
  4114 | D:5      | Found a shimmering blue altar of Sif Muna.
  4210 | D:5      | Found a sand-covered staircase.
  4217 | Ossuary  | Entered an ossuary
  4274 | Ossuary  | Reached skill level 9 in Axes
  4441 | Ossuary  | Reached XP level 7. HP: 51/57 MP: 6/6
  4531 | Ossuary  | Reached skill level 10 in Axes
  5626 | D:4      | Reached **** piety under Trog
  5775 | D:4      | Found a white marble altar of Elyvilon.
  5968 | D:5      | Reached skill level 11 in Axes
  6261 | D:5      | Reached XP level 8. HP: 36/64 MP: 7/7
  6718 | D:5      | Reached skill level 12 in Axes
  7321 | D:6      | Found an iron altar of Okawaru.
  7592 | D:6      | Reached skill level 13 in Axes
  7703 | D:6      | HP: 1/64 [poisoned by a gnoll]
  7704 | D:6      | Succumbed to a gnoll's poison

Illustrated notes

Levels and vault maps discovered:
D:1:      onia_arrival_zoo_common, layout_rooms,
          shapermc_ecumenical_altar_mp_ritualfount, minmay_statues_item
D:2:      kennysheep_six_static_rooms, layout_rooms, serial_glass,
          glass_columns_a, glass_columns_b, minmay_strange_pillars, uniq_jessica
D:3:      layout_basic, minmay_door_square, kennysheep_nondescript,
          uniq_crazy_yiuf_cottage
D:4:      layout_basic, pdpol_wu_jian_five_deadly_venoms, elyvilon_altar_1,
          cheibrodos_sewer_entry_sluice, minmay_hedge_maze
D:5:      layout_gridville, nicolae_sif_muna_condensation,
          chequers_ossuary_entry_cave
D:6:      layout_rooms, nicolae_overflow_quartered_altars,
          okawaru_metal_pillars_1_2, uniq_pikel
D:7:      layout_basic, minmay_temple_entry_stoned_glass,
          nicolae_elevator_lobby_plus

Skill      XL: |  1  2  3  4  5  6  7  8 |
---------------+-------------------------+-----
Axes           | 5 6 8 9 11 13 | 13.6
Fighting       | |  3.6
Armour         | |  2.4
Dodging        | |  2.1

Action                   |  1- 3 |  4- 6 |  7- 9 || total
-------------------------+-------+-------+-------++-------
Melee: Hand axe          |    40 |   203 |   210 ||   453
       Headbutt          |    10 |    40 |    39 ||    89
       Punch             |       |     3 |     3 ||     6
Throw: Dart              |       |       |     2 ||     2
Invok: Berserk           |       |     1 |     1 ||     2
       Trog's Hand       |       |       |     1 ||     1
  Use: Scroll            |     4 |     3 |       ||     7
       Potion            |       |     1 |       ||     1
 Stab: Sleeping          |     2 |       |       ||     2
Armor: Animal skin       |     4 |     7 |       ||    11
       Ring mail         |       |    35 |    12 ||    47
       Robe              |       |     5 |       ||     5
       Plate armour      |       |       |    56 ||    56
Dodge: Dodged            |    34 |    98 |    60 ||   192
